 Dungeon Crawl Stone Soup version 0.28.0-53-g5a82cb258f (webtiles) character file.

Game seed: 15425126246570659299

185 styxcanada the Covert (level 5, -5/27 HPs)
             Began as a Spriggan Brigand on July 9, 2022.
             Killed by divine providence
             ... invoked by an orc priest
              (12 damage)
             ... on level 3 of the Dungeon.
             The game lasted 00:09:38 (2148 turns).

styxcanada the Covert (Spriggan Brigand)            Turns: 2148, Time: 00:09:39

Health: -5/27      AC:  3    Str:  7    XL:     5   Next: 37%
Magic:  7/7        EV: 17    Int: 13    God:
Gold:   71         SH:  0    Dex: 18    Spells: 3/6 levels left

rFire   . . .      SeeInvis +   a - +2 dagger
rCold   . . .      Faith    .   (no shield)
rNeg    . . .      Spirit   .   b - +0 robe
rPois   .          Reflect  .   (helmet restricted)
rElec   .          Harm     .   c - +0 cloak
rCorr   +          Rampage  .   (gloves unavailable)
Will    .....                   (boots unavailable)
Stlth   ++++......              (no amulet)
HPRegen 0.09/turn               f - ring of resist corrosion
MPRegen 0.10/turn               (no ring)

@: very quick
A: very small, no large weapons, unfitting armour, see invisible, speed 3
a: no special abilities


You were on level 3 of the Dungeon.
You visited 1 branch of the dungeon, and saw 3 of its levels.

You collected 71 gold pieces.

Inventory:

Hand Weapons
 a - a +2 dagger (weapon)
 g - a +0 hunting sling
 i - a +0 hunting sling
 m - a +3 quarterstaff of chaos
Missiles
 e - 2 curare-tipped darts
 h - 28 sling bullets
 j - 67 stones
 o - 4 poisoned darts (quivered)
Armour
 b - a +0 robe (worn)
 c - a +0 cloak (worn)
Jewellery
 f - a ring of resist corrosion (left hand)
 n - a ring of ice
Wands
 d - a wand of polymorph (12)
Potions
 l - a potion of brilliance


   Skills:
 * Level 2.3 Fighting
 + Level 2.5 Short Blades
 + Level 2.3 Throwing
 * Level 2.5 Dodging
 * Level 8.2 Stealth
 * Level 1.0 Spellcasting
 * Level 0.3 Conjurations
 * Level 1.1 Hexes


You had 3 spell levels left.
You knew the following spells:

 Your Spells              Type           Power      Damage    Failure   Level
a - Dazzling Flash        Conj/Hex       4%         N/A       54%         3

Your spell library contained the following spells:

 Spells                   Type           Power      Damage    Failure   Level
 Corpse Rot               Necr/Air       0%         N/A       38%         2
 Iskenderun's Mystic Bla  Conj/Tloc      1%         2d3       95%         4
 Passage of Golubria      Tloc           0%         N/A       95%         4
 Manifold Assault         Tloc           0%         N/A       100%        5
 Starburst                Conj/Fire      0%         6d3       100%        6
 Malign Gateway           Summ/Tloc      0%         N/A       100%        7


Dungeon Overview and Level Annotations

Branches:
Dungeon (3/15)

Altars:


Innate Abilities, Weirdness & Mutations

You are very small and have problems with some larger weapons.
You are too small for most types of armour.
You have supernaturally acute eyesight. (SInv)
You cover ground extremely quickly. (Speed+++)


Message History

The orc priest is poisoned.
The jackal barks!
Throw: 5 darts (poison)
Press: ? - help, Q - select action, (/) - cycle Shift-Dir - straight line, f/p - orc priest
Aim: an orc priest, wielding a +0 short sword and wearing a +0 leather armour (lightly wounded, poisoned, 63% to hit)
You throw a poisoned dart.
The poisoned dart closely misses the orc priest.
The orc priest invokes the aid of Beogh against you.
Beogh smites you!
Ouch! That really hurt!
* * * LOW HITPOINT WARNING * * *
The jackal misses you.
You closely miss the jackal. The jackal misses you. The jackal bites you.
* * * LOW HITPOINT WARNING * * *
You feel better.
The jackal bites you but does no damage.
You barely miss the jackal.
The jackal bites you but does no damage.
The jackal barks!
You hit the jackal.
The jackal is heavily wounded.
The jackal closely misses you.
The orc priest calls upon Beogh to heal the orc priest.
The orc priest is healed somewhat.
You closely miss the jackal.
The jackal is heavily wounded.
The jackal completely misses you. The jackal closely misses you.
The orc priest barely misses you.
You hit the jackal.
The jackal is almost dead.
The orc priest looks more healthy.
The jackal bites you but does no damage.
The orc priest hits you with a +0 short sword.
* * * LOW HITPOINT WARNING * * *
You closely miss the jackal.
The jackal is almost dead.
The jackal barely misses you.
The orc priest invokes the aid of Beogh against you.
Beogh smites you!
You die...

.. ###......### #
#.#.###....#.###
...h...#..#.## ##########
..#.......>÷# ..........#
###....#........#
#.........#
#....##.#####..##.........#
#.#..##.# ....o......#
#.#..##.#########.........#
##......hhh@ooo...(........#
#....)##.#########.(.......#
......#..##.....#
#....(....#
#.....#..######.#
#.......†<# #.#####..# #.#
########... . #..# #.# #...
#†## #.# #... #.# #.# ###o.)
### #.##########...J.


You could see 2 orc priests, an orc and 3 jackals.

Vanquished Creatures
  Crazy Yiuf (D:2)
  Natasha (thrice) (D:3)
  An orc wizard (D:3)
  An adder (D:2)
  2 worms
  An orc (D:3)
  5 endoplasms
  A giant cockroach (D:1)
  4 goblins
  4 hobgoblins
  3 jackals (D:3)
  4 kobolds
  A quokka (D:1)
  4 ball pythons
  3 bats
  2 frilled lizards
  8 rats
48 creatures vanquished.

Notes
Turn   | Place    | Note
-------+----------+-------------------------------------------
     0 | D:1      | styxcanada the Spriggan Brigand began the quest for the
                  | Orb.
     0 | D:1      | Reached XP level 1. HP: 10/10 MP: 2/2
    45 | D:1      | Reached skill level 6 in Stealth
   309 | D:1      | Reached XP level 2. HP: 9/15 MP: 3/3
   718 | D:1      | Found a faded altar of an unknown god.
  1041 | D:2      | Found a runed translucent door.
  1042 | D:2      | Noticed Crazy Yiuf
  1049 | D:2      | Killed Crazy Yiuf
  1050 | D:2      | Reached skill level 7 in Stealth
  1050 | D:2      | Reached XP level 3. HP: 18/18 MP: 4/4
  1311 | D:2      | Reached XP level 4. HP: 6/23 MP: 5/5
  1881 | D:3      | Learned a level 3 spell: Dazzling Flash
  1889 | D:3      | Got the Papyrus of Unstable Weightlessness
  1892 | D:3      | Noticed Natasha
  1903 | D:3      | Killed Natasha
  1989 | D:3      | Noticed Natasha
  2012 | D:3      | Reached skill level 8 in Stealth
  2034 | D:3      | Killed Natasha
  2035 | D:3      | Reached skill level 1 in Hexes
  2035 | D:3      | Reached XP level 5. HP: 15/26 MP: 5/7
  2056 | D:3      | Noticed Natasha
  2059 | D:3      | Killed Natasha
  2060 | D:3      | Reached skill level 1 in Spellcasting
  2148 | D:3      | Killed from afar by an orc priest

Illustrated notes

Levels and vault maps discovered:
D:1:      psy_arrival_dodecagon, layout_loops_ring,
          shapermc_ecumenical_altar_totnotflames
D:2:      layout_rooms, st_stairs_1, uniq_crazy_yiuf_cottage
D:3:      layout_rooms, uniq_natasha

Skill      XL: |  1  2  3  4  5 |
---------------+----------------+-----
Stealth        | 6 7 8 |  8.2
Fighting       | 2 |  2.3
Dodging        | 2 |  2.5
Hexes          | 1 |  1.1
Spellcasting   | 1 |  1.0
Short Blades   | |  2.5
Throwing       | |  2.3
Conjurations   | |  0.3

Action                   |  1- 3 |  4- 6 || total
-------------------------+-------+-------++-------
Melee: Dagger            |    58 |    91 ||   149
       Punch             |     3 |     1 ||     4
Throw: Dart              |     7 |    16 ||    23
  Use: Scroll            |     1 |     4 ||     5
       Potion            |       |     3 ||     3
 Stab: Sleeping          |    14 |     2 ||    16
Armor: Robe              |     5 |    15 ||    20
Dodge: Dodged            |    35 |    87 ||   122
